 Dungeon Crawl Stone Soup version 0.28.0 (webtiles) character file.

Game seed: 5095821906072356623

7 RighteousDevil the Skirmisher (level 2, -1/32 HPs)
             Began as an Ogre Monk on Feb 13, 2022.
             Slain by a hobgoblin (2 damage)
             ... on level 1 of the Dungeon.
             The game lasted 00:00:42 (156 turns).

RighteousDevil the Skirmisher (Ogre Monk)            Turns: 156, Time: 00:00:42

Health: -1/32      AC:  3    Str: 14    XL:     2   Next: 4%
Magic:  2/2        EV: 10    Int: 11    God:
Gold:   0          SH:  0    Dex: 11    Spells: 1/1 levels left

rFire   . . .      SeeInvis .   a - +0 mace
rCold   . . .      Faith    .   (no shield)
rNeg    . . .      Spirit   .   b - +0 robe
rPois   .          Reflect  .   (helmet restricted)
rElec   .          Harm     .   d - scarf {+Inv}
rCorr   .          Rampage  .   (gloves unavailable)
Will    .....                   (boots unavailable)
Stlth   ++........              (no amulet)
HPRegen 0.10/turn               (no ring)
MPRegen 0.08/turn               (no ring)

@: flying
A: large, unfitting armour, tough skin 1
a: Evoke Invisibility


You were on level 1 of the Dungeon.
You visited 1 branch of the dungeon, and saw 1 of its levels.

Inventory:

Hand Weapons
 a - a +0 mace (weapon)
Armour
 b - a +0 robe (worn)
 d - a scarf of invisibility (worn)


   Skills:
 - Level 4.0 Fighting
 + Level 3.2 Maces & Flails
 - Level 2.6 Dodging
 - Level 1.4 Stealth


You had one spell level left.
You didn't know any spells.
Your spell library contained the following spells:

 Spells                   Type           Power      Damage    Failure   Level
 Beastly Appendage        Tmut           0%         N/A       34%         1
 Wereblood                Tmut           0%         N/A       47%         2
 Spider Form              Tmut/Pois      0%         N/A       71%         3


Dungeon Overview and Level Annotations

Branches:
Dungeon (1/15)

Altars:


Innate Abilities, Weirdness & Mutations

You are too large for most types of armour.
You have tough skin. (AC +1)


Message History

You are too injured to fight recklessly!
You closely miss the kobold.
The kobold is moderately wounded.
The kobold barely misses you.
You barely miss the kobold.
The kobold is moderately wounded.
The kobold barely misses you. The hobgoblin barely misses you.
You miss the kobold.
The kobold is moderately wounded.
The kobold closely misses you. The hobgoblin barely misses you.
The kobold hits you with a +0 dagger.
You barely miss the kobold.
The kobold is moderately wounded.
The hobgoblin hits you. The kobold barely misses you.
You hit the kobold.
You kill the kobold!
The hobgoblin closely misses you.
You hit the goblin.
You kill the goblin!
The bat hits you but does no damage. x2; The hobgoblin hits you. x2
* * * LOW HITPOINT WARNING * * *
You have reached level 2!
The bat hits you but does no damage. The bat closely misses you.
Things that are here:
a +0 dagger; a +0 dagger; 19 sling bullets You barely miss the bat.
The bat hits you but does no damage.
You barely miss the hobgoblin. The hobgoblin hits you.
* * * LOW HITPOINT WARNING * * *
The hobgoblin hits you but does no damage.
You barely miss the hobgoblin.
The hobgoblin hits you but does no damage.
The hobgoblin closely misses you.
The hobgoblin hits you but does no damage.
Unknown command.
It was a potion of flight.
You feel very buoyant.
You fly up into the air.
The hobgoblin hits you.
* * * LOW HITPOINT WARNING * * *
The hobgoblin hits you.
You die...

#. ....... #. #.
....... ..#
#.#....... ##..
#......... ...
...#..(..
#.####........
#..g..†.......#
##..##g.......#
#.bg@..#+###.#
#..###.......#
##.#.........#
#######...##......#
#.........##....†.#
#.........##......#
#..†......##......#
#....(..).........#
#.................#


You could see 2 hobgoblins and a bat.

Vanquished Creatures
  A giant cockroach (D:1)
  A goblin (D:1)
  2 jackals (D:1)
  A kobold (D:1)
  A ball python (D:1)
6 creatures vanquished.

Notes
Turn   | Place    | Note
-------+----------+-------------------------------------------
     0 | D:1      | RighteousDevil the Ogre Monk began the quest for the Orb.
     0 | D:1      | Reached XP level 1. HP: 24/24 MP: 1/1
   152 | D:1      | Reached XP level 2. HP: 7/32 MP: 2/2
   156 | D:1      | HP: 1/32 [hobgoblin (3)]
   156 | D:1      | Slain by a hobgoblin

Illustrated notes

Levels and vault maps discovered:
D:1:      onia_arrival_mini_maze, layout_basic, basic_ecumenical_altar

Skill      XL: |  1 |
---------------+----+-----
Maces & Flails | 3 |  3.2
Fighting       | |  4.0
Dodging        | |  2.6
Stealth        | |  1.4

Action                   || total
-------------------------++-------
Melee: Mace              ||    32
  Use: Potion            ||     1
Armor: Robe              ||    26
Dodge: Dodged            ||    35
